 Dungeon Crawl Stone Soup version 0.29-a0-243-g602b31c20e (webtiles) character file.

Game seed: 6414252394557202552

543 Crownlay the Carver (level 7, -3/57 HPs)
             Began as a Minotaur Berserker on Mar 4, 2022.
             Was a Believer of Trog.
             Killed from afar by Dowan (14 damage)
             ... with a shard of ice
             ... on level 4 of the Dungeon.
             The game lasted 00:05:50 (4214 turns).

Crownlay the Carver (Minotaur Berserker)            Turns: 4214, Time: 00:05:50

Health: -3/57      AC:  8    Str: 24    XL:     7   Next: 6%
Magic:  6/6        EV: 11    Int: 10    God:    Trog [**....]
Gold:   129        SH:  0    Dex:  9    Spells: 6/6 levels left

rFire   . . .      SeeInvis .   r - +0 long sword
rCold   + . .      Faith    .   (no shield)
rNeg    . . .      Spirit   .   g - +0 ring mail
rPois   .          Reflect  .   (helmet restricted)
rElec   .          Harm     .   u - +0 cloak
rCorr   .          Rampage  .   A - +0 pair of gloves
Will    ++...                   (no boots)
Stlth   ..........              (no amulet)
HPRegen 1.19/turn               f - ring of protection from cold
MPRegen 0.10/turn               k - +6 ring of intelligence

@: strong-willed, on berserk cooldown, regenerating, slowed, very slow
A: horns 2, retaliatory headbutt
a: Renounce Religion, Berserk, Trog's Hand


You were on level 4 of the Dungeon.
You worshipped Trog.
Trog was pleased with you.
You visited 1 branch of the dungeon, and saw 4 of its levels.

You collected 245 gold pieces.
You spent 116 gold pieces at shops.

Inventory:

Hand Weapons
 r - a +0 long sword (weapon)
Missiles
 n - 5 javelins
 t - 4 boomerangs (quivered)
 y - 4 curare-tipped darts
Armour
 g - a +0 ring mail (worn)
 u - a +0 cloak (worn)
 A - a +0 pair of gloves (worn)
 C - a +0 buckler
Jewellery
 f - a ring of protection from cold (left hand)
 k - a +6 ring of intelligence (right hand)
 m - a ring of see invisible
Wands
 z - a wand of flame (25)
 B - a wand of charming (2)
Scrolls
 a - 4 scrolls of teleportation {unknown}
 b - 9 scrolls of identify
 i - 2 scrolls of amnesia {unknown}
 j - a scroll of fear {unknown}
 o - a scroll of immolation {unknown}
 q - 2 scrolls of magic mapping {unknown}
 s - a scroll of torment {unknown}
 w - a scroll of brand weapon {unknown}
Potions
 c - a potion of mutation {unknown}
 d - 3 potions of magic
 e - 2 potions of curing
 h - 2 potions of degeneration {unknown}
 l - a potion of haste {unknown}
 p - a potion of lignification {unknown}
 v - a potion of attraction {unknown}
 x - a potion of resistance {unknown}


   Skills:
 - Level 3.6 Fighting
 + Level 8.3 Long Blades
 - Level 5.0 Armour
 - Level 2.1 Dodging
 + Level 1.9 Shields


You had 6 spell levels left.
You didn't know any spells.
Your spell library was empty.

Dungeon Overview and Level Annotations

Branches:
Dungeon (4/15)
 Temple: D:4-7

Altars:
Ru
Wu Jian

Shops:
D:1 **

Annotations:
D:4 Dowan


Innate Abilities, Weirdness & Mutations

You have a pair of horns on your head.
You reflexively headbutt those who attack you in melee.


Message History

Duvessa is severely wounded.
Duvessa hits you with a +2 short sword of speed.
Dowan hits you but does no damage.
Duvessa hits you with a +2 short sword of speed.
You slash Duvessa!
You kill Duvessa!
Trog accepts your kill.
Dowan screams, "No!
No!"
Dowan seems to find hidden reserves of power!
Dowan closely misses you.
Your Shields skill increases to level 1!
You have reached level 7!
You miss Dowan.
Dowan casts a spell.
Dowan blinks!
Dowan casts a spell.
Dowan blinks!
You feel a strong urge to attack something.
q - 2 scrolls labelled WIS BEF MOM (gained 1)
There are no items here.
You are no longer berserk.
You are exhausted.
You feel yourself slow down.
Your skin stops crawling.
You feel less strong-willed.
Your skin crawls.
You feel strong-willed. Dowan casts a spell at you. The stone arrow hits you!
You slash Dowan! You headbutt Dowan!
Dowan is severely wounded.
Dowan barely misses you. Dowan gestures at you while chanting.
The shard of ice hits you!! You partially resist.
* * * LOW HITPOINT WARNING * * *
Okay, then.
Okay, then.
It was a potion of curing.
You feel better. Dowan hits you but does no damage.
Dowan points at you and mumbles some strange words.
The shard of ice hits you! You partially resist.
You die...

....## .....##.... ###
........... ##.## ######
........... ##...####.#...##
###......... #....#..#......#
## #.......### ##.............
.####...#..#.###..............
...#....#..............†...##
..........#.....@e..........#.
...####...##...#.##...........
...........##..##........#....
...........##[...........##...
(>..#####.................# ..
###### #.##..........)..## .
.....#######..##.........#
#.#.)..#..#..###.#.......#
####)........# ..#........


You could see Dowan (fast).

Vanquished Creatures
  Menkaure (D:4)
  Duvessa (D:4)
  3 orc priests (D:3)
  An orc wizard (D:3)
  4 gnolls (D:2)
  9 adders
  A worm (D:3)
  2 dart slugs (D:1)
  10 orcs
  8 bats
  7 endoplasms
  4 giant cockroaches
  3 goblins (D:1)
  2 hobgoblins
  3 jackals (D:3)
  5 kobolds
  3 quokkas
  9 ball pythons
  A frilled lizard (D:2)
  6 rats
83 creatures vanquished.

Notes
Turn   | Place    | Note
-------+----------+-------------------------------------------
     0 | D:1      | Crownlay the Minotaur Berserker began the quest for the
                  | Orb.
     0 | D:1      | Reached XP level 1. HP: 19/19 MP: 0/0
   331 | D:1      | Reached skill level 4 in Long Blades
   345 | D:1      | Reached XP level 2. HP: 19/26 MP: 1/1
   737 | D:1      | Found Kaodil's Assorted Antiques.
   746 | D:1      | Bought a scroll labelled ANIESHRU MEXKID for 29 gold pieces
   909 | D:1      | Found a faded altar of an unknown god.
  1062 | D:1      | Reached XP level 3. HP: 31/31 MP: 2/2
  1073 | D:1      | Reached skill level 5 in Long Blades
  1138 | D:1      | Found Arauntiuxy's General Store.
  1293 | D:2      | Reached ** piety under Trog
  1596 | D:2      | Reached XP level 4. HP: 33/39 MP: 3/3
  1912 | D:2      | Found an ornate altar of the Wu Jian Council.
  1980 | D:2      | Reached skill level 6 in Long Blades
  2627 | D:1      | Bought a scroll labelled ERA AKOVVEC for 29 gold pieces
  2627 | D:1      | Bought a scroll of identify for 58 gold pieces
  2650 | D:3      | Reached XP level 5. HP: 45/45 MP: 4/4
  2895 | D:3      | Reached skill level 7 in Long Blades
  3082 | D:3      | Found a sacrificial altar of Ru.
  3321 | D:3      | Reached XP level 6. HP: 51/51 MP: 5/5
  4086 | D:4      | Noticed Menkaure
  4100 | D:4      | Killed Menkaure
  4101 | D:4      | Reached skill level 8 in Long Blades
  4101 | D:4      | Reached skill level 5 in Armour
  4186 | D:4      | Noticed Duvessa
  4187 | D:4      | Noticed Dowan
  4200 | D:4      | Killed Duvessa
  4201 | D:4      | Reached skill level 1 in Shields
  4201 | D:4      | Reached XP level 7. HP: 31/57 MP: 6/6
  4214 | D:4      | Killed from afar by Dowan

Illustrated notes

Levels and vault maps discovered:
D:1:      dpeg_arrival_leaves_temple_mockup, layout_basic,
          dreamdust_ecumenical_altar_angels_and_demons, serial_shops,
          shop_statue, shop, minmay_tromino_mix6
D:2:      layout_loops_corners, basic_altar
D:3:      layout_basic, mainiacjoe_overflow_six_doors_small
D:4:      layout_cave_pools, kennysheep_cross_room, uniq_menkaure, uniq_duvessa

Skill      XL: |  1  2  3  4  5  6 |
---------------+-------------------+-----
Long Blades    | 4 5 6 7 8 |  8.3
Armour         | 3 4 5 |  5.0
Shields        | 1 |  1.9
Fighting       | |  3.6
Dodging        | |  2.1

Action                   |  1- 3 |  4- 6 |  7- 9 || total
-------------------------+-------+-------+-------++-------
Melee: Falchion          |    66 |    33 |       ||    99
       Headbutt          |     7 |    12 |     1 ||    20
       Long sword        |       |    86 |     2 ||    88
Throw: Javelin           |       |     5 |       ||     5
       Boomerang         |       |     7 |       ||     7
Invok: Berserk           |     3 |     5 |       ||     8
       Trog's Hand       |       |     2 |     1 ||     3
  Use: Scroll            |     1 |       |       ||     1
       Potion            |       |       |     1 ||     1
Armor: Animal skin       |     4 |       |       ||     4
       Ring mail         |    33 |    28 |     1 ||    62
Dodge: Dodged            |    59 |    65 |     1 ||   125

Table legend: (Time is in decaauts)
 A = Elapsed time spent in this place.
 B = Non-inter-level travel time spent in this place.
 C = Inter-level travel time spent in this place.
 D = Time resting spent in this place.
 E = Time spent auto-exploring this place.
 F = Levels seen in this place.
 G = Mean time per level.
                   A        B        C        D        E       F      G
               +--------+--------+--------+--------+--------+-----+--------+
         Total |   4299 |   4210 |     89 |      0 |   3600 |   4 | 1074.8 |
       Dungeon |   4299 |   4210 |     89 |      0 |   3600 |   4 | 1074.8 |
               +--------+--------+--------+--------+--------+-----+--------+

Top non-repeatable levels by time:
     D:2: 1639 daAuts
     D:1: 1273 daAuts
     D:3: 905 daAuts
     D:4: 481 daAuts
